 Dungeon Crawl Stone Soup version 0.27-a0-1312-g5cdb2b3542 (webtiles) character file.

Game seed: 14258435987667222880

7374 Feb132020 the Geomancer (level 11, -2/61 HPs)
             Began as a Gargoyle Earth Elementalist on June 19, 2021.
             Was a Believer of Ashenzari.
             Slain by an ogre (12 damage)
             ... on level 8 of the Dungeon.
             The game lasted 00:49:06 (11172 turns).

Feb132020 the Geomancer (GrEE)                     Turns: 11172, Time: 00:49:06

Health: -2/61      AC: 18    Str: 13    XL:     11   Next: 14%
Magic:  20/20      EV: 13    Int: 26    God:    Ashenzari [**....]
Gold:   479        SH:  0    Dex: 17    Spells: 11/22 levels left

rFire    . . .     SeeInvis +   x - +3 flail (protect)
rCold    . . .     Faith    .   (no shield)
rNeg     + . .     Spirit   .   O - +0 troll leather armour
rPois    ∞         Reflect  .   m - +2 helmet of Ashenzari's Oblivion {Int+3, Melee, Evo} (curse)
rElec    +         Harm     .   q - +0 cloak
rCorr    .         Rampage  .   (no gloves)
Will     .....                  n - +0 pair of boots
Stlth    +++.......             (no amulet)
HPRegen  1.20/turn              h - ring of Desmomancy {Int+6, Evo, Fort} (curse)
MPRegen  0.17/turn              s - ring of Ashenzari's Servitude {Dex+6, Melee, Elem} (curse)

@: no status effects
A: sickness immunity, AC +8, negative energy resistance 1, electricity
resistance, torment resistance 1, petrification resistance
a: Renounce Religion, Shatter the Chains


You were on level 8 of the Dungeon.
You worshipped Ashenzari.
Ashenzari was pleased with you.
You visited 2 branches of the dungeon, and saw 10 of its levels.

You collected 479 gold pieces.

Inventory:

Hand Weapons
 d - a +0 club
 j - a +0 whip
 o - a +0 mace
 x - a +3 flail of protection (weapon)
Missiles
 c - 217 stones
 M - a throwing net
Armour
 b - a +0 robe
 k - a +0 helmet
 m - the cursed +2 helmet of Ashenzari's Oblivion (worn) {Int+3, Melee, Evo}
   (You found it on level 2 of the Dungeon)

   It has a curse which improves the following skills: Melee Combat: Short
   Blades, Long Blades, Axes, Maces & Flails, Polearms, Staves and Unarmed
   Combat.
   Evocations: Evocations.
 n - a +0 pair of boots (worn)
 q - a +0 cloak (worn)
 v - a +2 leather armour of cold resistance
 J - a +0 ring mail of fire resistance
 N - a +2 scale mail of fire resistance
 O - a +0 troll leather armour (worn)
Magical Staves
 A - a staff of cold
Jewellery
 h - the cursed ring of Desmomancy (left hand) {Int+6, Evo, Fort}
   (You found it on level 1 of the Dungeon)

   [ring of intelligence]

   It affects your intelligence (+6).
   It has a curse which improves the following skills: Evocations: Evocations.
   Fortitude: Armour and Shields.
 s - the cursed ring of Ashenzari's Servitude (right hand) {Dex+6, Melee, Elem}
   (You found it on level 3 of the Dungeon)

   [ring of dexterity]

   It affects your dexterity (+6).
   It has a curse which improves the following skills: Melee Combat: Short
   Blades, Long Blades, Axes, Maces & Flails, Polearms, Staves and Unarmed
   Combat.
   Elements:  Fire Magic, Ice Magic, Air Magic and Earth Magic.
 C - a ring of flight
 G - a ring of protection from fire
Wands
 y - a wand of acid (7)
 H - a wand of polymorph (6)
 L - a wand of iceblast (3)
Scrolls
 e - 7 scrolls of teleportation
 p - a scroll of fear
 t - a scroll of brand weapon
 w - 2 scrolls of magic mapping
 z - 2 scrolls of blinking
 B - 3 scrolls of holy word
 F - a scroll of amnesia
 I - a scroll of summoning
Potions
 a - 5 potions of curing
 f - a potion of berserk rage
 g - 3 potions of heal wounds
 i - 3 potions of flight
 l - 2 potions of invisibility
 r - 3 potions of might
 u - 2 potions of ambrosia
 D - a potion of lignification
 E - a potion of cancellation
 K - a potion of mutation


   Skills:
 + Level 4.1 Fighting
 + Level 8.7(10.9) Maces & Flails
 + Level 4.6(6.0) Armour
 - Level 3.5 Dodging
 + Level 4.7 Stealth
 + Level 6.0 Spellcasting
 + Level 6.3 Conjurations
 + Level 1.0 Transmutations
 * Level 10.0(11.3) Earth Magic
 + Level 2.4(4.2) Evocations


You had 11 spell levels left.
You knew the following spells:

 Your Spells              Type           Power      Damage    Failure   Level
a - Sandblast             Erth           100%       2d20      1%          1
b - Stone Arrow           Conj/Erth      100%       3d13      1%          3
l - Lee's Rapid Deconstr  Erth           30%        3d17*     2%          5
p - Passwall              Tmut/Erth      33%        N/A       1%          2

Your spell library contained the following spells:

 Spells                   Type           Power      Damage    Failure   Level
 Petrify                  Tmut/Erth      40%        N/A       7%          4
 Summon Small Mammal      Summ           28%        N/A       9%          1
 Call Imp                 Summ           7%         N/A       13%         2
 Call Canine Familiar     Summ           7%         N/A       26%         3
 Summon Guardian Golem    Hex/Summ       7%         N/A       26%         3
 Summon Ice Beast         Ice/Summ       8%         N/A       63%         4
 Summon Lightning Spire   Summ/Air       8%         N/A       63%         4


Dungeon Overview and Level Annotations

Branches:
Dungeon (9/15)             Temple (1/1) D:4             Orc (0/2) D:9
   Lair: D:8-11

Altars:
Ashenzari
Cheibriados
Dithmenos
Elyvilon
Fedhas
Gozag
Kikubaaqudgha
Makhleb
Nemelex Xobeh
Okawaru
Qazlal
Ru
Uskayaw
Vehumet
Wu Jian
Yredelemnul
Zin

Shops:
D:6 =   D:9 ?


Innate Abilities, Weirdness & Mutations

You are immune to sickness and miasma.
Your stone body is resilient. (AC +8)
You are immune to poison.
You resist negative energy. (rN+)
You are resistant to electric shocks. (rElec)
You are resistant to unholy torment.
You are immune to petrification.


Message History

Your weapon exudes an aura of protection.
The kobold brigand is moderately wounded.
The orc hits you but does no damage. The kobold brigand closely misses you.
You hit the kobold brigand.
The kobold brigand is heavily wounded.
The orc misses you.
The kobold brigand hits you but does no damage.
You barely miss the kobold brigand.
The kobold brigand is heavily wounded.
The orc misses you. The kobold brigand closely misses you.
You sock the kobold brigand!
The kobold brigand is almost dead.
The orc barely misses you.
The kobold brigand hits you but does no damage.
You thump the kobold brigand!
You kill the kobold brigand!
The orc barely misses you.
You barely miss the orc. You sock the orc!
You kill the orc!
You start resting.
HP restored.
You climb downwards.
The ogre hits you with a +0 giant spiked club!!
The orc warrior hits you with a +3 hand axe!
The orc warrior hits you but does no damage.
The ogre barely misses you.
There is a stone staircase leading up here.
Unknown command.
Magic restored.
The orc warrior hits you with a +3 hand axe.
The gnoll barely misses you.
The orc warrior hits you with a +0 long sword!
* * * LOW HITPOINT WARNING * * *
You climb upwards.
There is a stone staircase leading down here.
The orc warrior hits you with a +3 hand axe!
* * * LOW HITPOINT WARNING * * *
The ogre hits you with a +0 giant spiked club!
You die...

...............#........#......#.
...............#........#......#.
...............)........#......#.
...............#........#......#.
.............).#...##...#......'.
###########'#########...##.....#.
.............#.o†...'...##.....#.
.............#.)>O..#..[#......#.
......>......#.(@o..#...#......#.
...)..)......#......#...#......#.
.....##.....###....##...#......#.
.....##.....###....##...#......#.
.....#......[#..........##.....#.
.....#.......#..........######'#.
.....#.......#.................+.
.....#.......#.................#.
.....#.......#.................#.


You could see 2 orc warriors and an ogre.

Vanquished Creatures
  Harold (D:9)
  2 trolls
  Grinder (D:4)
  3 slime creatures (D:8)
  Sigmund (D:4)
  10 yaks
  4 water moccasins
  3 orc warriors
  2 hornet zombies (D:7)
  2 ice beasts
  2 phantoms
  4 centaurs
  2 ogres
  Blork the orc (D:4)
  2 kobold brigands
  3 gnoll sergeants (D:9)
  5 scorpions
  A bullfrog (D:8)
  A water moccasin zombie (D:6)
  A water moccasin skeleton (D:7)
  10 wights
  2 centaur zombies
  6 orc priests
  6 hounds
  2 jellies (D:6)
  Crazy Yiuf (D:2)
  A bullfrog skeleton (D:6)
  2 centaur skeletons
  2 iguanas
  Ijyb (D:4)
  An orc wizard (D:5)
  Robin (D:2)
  6 gnolls (D:9)
  5 adders
  A shadow imp (D:7)
  2 white imps
  2 worms
  28 orcs
  3 bats
  5 endoplasms (D:1)
  4 giant cockroaches
  10 goblins
  8 hobgoblins
  2 jackals (D:5)
  6 kobolds
  2 quokkas
  10 ball pythons
  6 frilled lizards
  3 rats
189 creatures vanquished.

Vanquished Creatures (others)
  An endoplasm (D:2)
  4 plants (D:2)
5 creatures vanquished.

Grand Total: 194 creatures vanquished

Notes
Turn   | Place    | Note
-------+----------+-------------------------------------------
     0 | D:1      | Feb132020 the Gargoyle Earth Elementalist began the quest
                  | for the Orb.
     0 | D:1      | Reached XP level 1. HP: 10/10 MP: 3/3
   157 | D:1      | Reached skill level 4 in Earth Magic
   352 | D:1      | Reached XP level 2. HP: 14/15 MP: 5/5
   355 | D:1      | Learned a level 2 spell: Passwall
   391 | D:1      | Found a faded altar of an unknown god.
  1181 | D:2      | Reached XP level 3. HP: 9/19 MP: 3/6
  1372 | D:2      | Noticed Robin
  1377 | D:2      | Killed Robin
  1402 | D:2      | Reached skill level 1 in Maces & Flails
  1840 | D:2      | Learned a level 3 spell: Stone Arrow
  2126 | D:2      | Reached XP level 4. HP: 14/24 MP: 5/7
  2313 | D:2      | Found a runed translucent door.
  2650 | D:3      | Noticed a scorpion
  2664 | D:3      | Killed a scorpion
  2665 | D:3      | Reached skill level 1 in Conjurations
  2665 | D:3      | Reached XP level 5. HP: 28/28 MP: 5/8
  3492 | D:2      | Noticed Crazy Yiuf
  3498 | D:2      | Killed Crazy Yiuf
  3666 | D:4      | Noticed an ice beast
  3672 | D:4      | Killed an ice beast
  3673 | D:4      | Reached skill level 1 in Fighting
  3673 | D:4      | Reached skill level 5 in Earth Magic
  3673 | D:4      | Reached XP level 6. HP: 34/34 MP: 2/10
  4136 | D:4      | Reached XP level 7. HP: 38/38 MP: 7/11
  4267 | D:4      | Noticed Blork the orc
  4272 | D:4      | Noticed Grinder
  4444 | D:4      | Noticed Ijyb
  4448 | D:4      | Killed Ijyb
  4601 | D:4      | Found a hide-covered altar of Uskayaw.
  4696 | D:4      | Killed Blork the orc
  4697 | D:4      | Reached skill level 6 in Earth Magic
  4884 | D:4      | Noticed Sigmund
  4908 | D:4      | Found a white marble altar of Elyvilon.
  4917 | D:4      | Killed Sigmund
  5218 | D:4      | Found a staircase to the Ecumenical Temple.
  5228 | Temple   | Entered the Ecumenical Temple
  5290 | Temple   | Became a worshipper of Ashenzari the Shackled
  5541 | D:5      | Entered Level 5 of the Dungeon
  5598 | D:5      | Found a stormy altar of Qazlal.
  5611 | D:5      | Reached XP level 8. HP: 36/43 MP: 10/14
  6395 | D:5      | Found an iron altar of Okawaru.
  6566 | D:4      | Killed Grinder
  6842 | D:6      | Noticed a troll
  6857 | D:6      | Reached skill level 5 in Maces & Flails
  6929 | D:6      | Reached skill level 1 in Armour
  6996 | D:6      | Found a shadowy altar of Dithmenos.
  7040 | D:6      | Reached XP level 9. HP: 49/49 MP: 16/16
  7091 | D:5      | Reached skill level 5 in Conjurations
  7163 | D:6      | Reached skill level 7 in Earth Magic
  7487 | D:6      | Killed a troll
  7610 | D:6      | Reached * piety under Ashenzari
  7638 | D:6      | Found Ysalekox's Jewellery Shop.
  7691 | D:6      | Learned a level 5 spell: Lee's Rapid Deconstruction
  8033 | D:7      | Reached skill level 5 in Spellcasting
  8762 | D:8      | Reached skill level 1 in Evocations
  8832 | D:8      | Reached XP level 10. HP: 47/56 MP: 17/17
  9674 | D:9      | Found Hoss's Magic Scroll Boutique.
  9702 | D:8      | Reached skill level 8 in Earth Magic
  9702 | D:8      | Reached ** piety under Ashenzari
  9972 | D:9      | Noticed Harold
 10333 | D:9      | Reached skill level 9 in Earth Magic
 10421 | D:9      | Found an opulent altar of Gozag.
 10430 | D:9      | Killed Harold
 10646 | D:9      | Reached XP level 11. HP: 48/60 MP: 19/19
 10959 | D:9      | Found a staircase to the Orcish Mines.
 10961 | D:9      | Reached skill level 1 in Transmutations
 11101 | D:8      | Reached skill level 10 in Earth Magic
 11172 | D:8      | Slain by an ogre

Illustrated notes

Levels and vault maps discovered:
D:1:      amcnicky_arrival_underground_garden, layout_rooms,
          serial_co_window_serial, co_window_corner_a,
          co_window_of_opportunity_a, co_window_corner_a, co_window_paths_b,
          co_window_paths_a, co_window_cross_3, co_window_broadway_c,
          co_window_of_opportunity_b, glass_columns_a,
          shapermc_ecumenical_altar_flowoftime
D:2:      layout_loops_ring, serial_park_tiny_1, chequers_garden,
          serial_bayou_pond_a, lemuel_flame_loot_1, uniq_crazy_yiuf_cottage,
          uniq_robin
D:3:      layout_basic
D:4:      layout_basic, lemuel_round_altar, overflow_temple_1_default,
          temple_hall, dk_noncrumbling_3, kennysheep_small_square, uniq_sigmund,
          uniq_grinder, uniq_blork_the_orc, uniq_ijyb
D:5:      layout_loops_ring, lemuel_crystal_altar,
          nicolae_overflow_crystal_walls
D:6:      layout_cave_pools, marbit_many_paths, serial_shops,
          nicolae_shop_crystal
D:7:      layout_cave_pools, serial_glass, glass_columns_c, glass_columns_a,
          kennysheep_small_spiral
D:8:      layout_gridville
D:9:      layout_gridville, nicolae_gozag_cash_rules_everything_around_me,
          kennysheep_orc_monster_closet_entryway, serial_shops,
          nicolae_shop_behind_doors, uniq_harold
Temple:   minmay_temple_curvy_loop

Skill      XL: |  1  2  3  4  5  6  7  8  9 10 11 |
---------------+----------------------------------+-----
Earth Magic    | 4 5 6 7 9 10 | 10.0
Maces & Flails | 1 2 3 5 7 8 |  8.7
Dodging        | 2 3 |  3.5
Conjurations   | 1 2 3 4 5 6 |  6.3
Stealth        | 3 4 |  4.7
Fighting       | 1 2 3 4 |  4.1
Spellcasting   | 3 4 5 6 |  6.0
Armour         | 1 3 4 |  4.6
Evocations     | 1 2 |  2.4
Transmutations | 1 |  1.0

Action                   |  1- 3 |  4- 6 |  7- 9 | 10-12 || total
-------------------------+-------+-------+-------+-------++-------
Melee: Club              |    32 |       |       |       ||    32
       Whip              |    83 |     3 |       |       ||    86
       Mace              |       |    80 |       |       ||    80
       Flail             |       |       |   317 |   184 ||   501
Throw: Stone             |       |       |     2 |       ||     2
 Cast: Sandblast         |    15 |    28 |    20 |    23 ||    86
       Stone Arrow       |       |     3 |    27 |    30 ||    60
       Passwall          |       |       |     3 |     2 ||     5
       Lee's Rapid Decon |       |       |       |     1 ||     1
Invok: Curse Item        |       |       |     2 |     1 ||     3
Evoke: Wand              |       |       |       |     3 ||     3
  Use: Scroll            |     3 |     1 |     4 |     2 ||    10
       Potion            |       |       |     1 |     1 ||     2
 Stab: Sleeping          |     5 |     1 |     5 |     2 ||    13
Armor: Robe              |    35 |    46 |    31 |       ||   112
       Leather armour    |       |       |   181 |   116 ||   297
       Troll leather arm |       |       |       |    10 ||    10
Dodge: Dodged            |    68 |    68 |   294 |   146 ||   576

Table legend: (Time is in decaauts)
 A = Elapsed time spent in this place.
 B = Non-inter-level travel time spent in this place.
 C = Inter-level travel time spent in this place.
 D = Time resting spent in this place.
 E = Time spent auto-exploring this place.
 F = Levels seen in this place.
 G = Mean time per level.
                   A        B        C        D        E       F      G
               +--------+--------+--------+--------+--------+-----+--------+
         Total |  11249 |  10692 |    557 |    802 |   7875 |  10 | 1124.9 |
       Dungeon |  11018 |  10487 |    531 |    802 |   7680 |   9 | 1224.2 |
        Temple |    230 |    204 |     26 |      0 |    195 |   1 |  230.0 |
               +--------+--------+--------+--------+--------+-----+--------+

Top non-repeatable levels by time:
     D:4: 2100 daAuts
     D:8: 1769 daAuts
     D:2: 1678 daAuts
     D:1: 1114 daAuts
     D:5: 1011 daAuts
     D:7: 920 daAuts
     D:6: 852 daAuts
     D:9: 785 daAuts
     D:3: 784 daAuts
  Temple: 230 daAuts
